AoeStats
← 没麦打尼玛CSGO(下等马户

Fortress

508437475Analyzed
4v4 RM · 8d ago on Sep 22, 2026· 33m 18s· 8 players
Game mode
Random Map
Map size
Huge
Population
200
Speed
Normal
Resources
Standard
Victory
Conquest
Starting age
Dark Age
Ending age
Imperial Age
RankedLock teamsTeams togetherTeam positionsShared explorationLock speedFull tech treeHidden civsTurbo modeCheats
Victory
Defeat
🇹🇼 Khmer · Taiwan
1264
+13
🇸🇮 Britons · Slovenia
1212
+15
🇨🇳 Persians · China
1201
+16
🇨🇳 Mongols · China
1363
-21
🇨🇳 Wei · China
1302
-18
🇨🇳 Mapuche · China
1156
-13
🇨🇳 Armenians · China
983
-7
Mikelele
7:56 Feudal Age
9:12 Loom
12:41 Castle Age
11:38 Fletching
12:15 Double-Bit Axe
13:47 Horse Collar
20:09 Town Watch
22:06 Ballistics
24:32 Fortified Wall
24:42 Bodkin Arrow
24:54 Gold Mining
26:20 Padded Archer Armor
27:19 Heavy Plow
31:12 Imperial Age
29:20 Wheelbarrow
29:54 Leather Archer Armor
31:15 Elite Longbowman
33:00 Bracer
SwallowXII
7:58 Feudal Age
11:41 Castle Age
10:16 Double-Bit Axe
10:11 Horse Collar
12:51 Bow Saw
12:30 Loom
15:58 Wheelbarrow
17:36 Stone Mining
18:55 Gold Mining
20:00 Hand Cart
21:23 Gold Shaft Mining
25:30 Imperial Age
25:03 Stone Shaft Mining
25:26 Scale Barding Armor
25:32 Forging
25:32 Fletching
25:43 Padded Archer Armor
26:34 Conscription
26:15 Double Crossbow
26:17 Tusk Swords
26:18 Elite Ballista Elephant
27:21 Bodkin Arrow
29:11 Husbandry
29:21 Bloodlines
30:26 Bracer
30:42 Leather Archer Armor
31:28 Chemistry
30:48 Ballistics
31:33 Chain Barding Armor
30:35 Light Cavalry
32:31 Fervor
32:27 Hussar
33:43 Sanctity
孤鸿
7:28 Feudal Age
11:21 Castle Age
9:11 Double-Bit Axe
9:28 Horse Collar
11:56 Loom
12:56 Wheelbarrow
12:36 Bow Saw
14:49 Heavy Plow
17:04 Stone Mining
18:48 Hand Cart
19:37 Stone Shaft Mining
20:43 Gold Mining
23:50 Gold Shaft Mining
27:54 Imperial Age
27:06 Scale Barding Armor
27:12 Forging
27:03 Husbandry
27:14 Bloodlines
27:36 Elite War Elephant
28:37 Conscription
28:49 Masonry
29:03 Chain Barding Armor
29:55 Crop Rotation
30:27 Two-Man Saw
30:13 Iron Casting
30:36 Ballistics
30:33 Guilds
32:05 Plate Barding Armor
32:42 Blast Furnace
33:22 Hoardings
没麦打尼玛CSGO(下等马户
7:34 Feudal Age
8:51 Double-Bit Axe
11:08 Castle Age
9:18 Horse Collar
17:05 Wheelbarrow
18:50 Heavy Plow
19:52 Gold Mining
20:03 Grand Trunk Road
25:02 Imperial Age
22:40 Town Watch
23:11 Scale Barding Armor
23:50 Bloodlines
23:41 Husbandry
24:17 Forging
24:33 Chain Barding Armor
24:39 Bow Saw
25:24 Gold Shaft Mining
24:41 Stone Mining
25:24 Heavy Camel Rider
27:16 Imperial Camel Rider
28:34 Plate Barding Armor
28:11 Forging
28:37 Hand Cart
28:54 Conscription
29:14 Loom
29:29 Town Patrol
29:42 Forging
31:14 Iron Casting
31:24 Hoardings
31:57 Stone Shaft Mining
31:26 Caravan
33:02 Chemistry
34:10 Blast Furnace
33:57 Coinage
叫声乌鸦哥
6:24 Feudal Age
10:18 Castle Age
8:35 Double-Bit Axe
9:29 Horse Collar
11:23 Heavy Plow
16:42 Wheelbarrow
18:06 Bow Saw
18:57 Gold Mining
20:21 Hand Cart
21:25 Gold Shaft Mining
22:00 Town Watch
25:21 Imperial Age
23:08 Loom
25:00 Fletching
26:24 Drill
25:26 Onager
27:12 Coinage
27:11 Siege Engineers
27:03 Bodkin Arrow
28:31 Chemistry
27:53 Conscription
27:02 Siege Onager
28:25 Bracer
28:28 Padded Archer Armor
30:27 Elite Mangudai
31:44 Ballistics
31:39 Leather Archer Armor
31:30 Thumb Ring
31:26 Husbandry
31:37 Bloodlines
( ‵□′)
7:04 Feudal Age
8:30 Double-Bit Axe
11:06 Castle Age
8:49 Horse Collar
13:09 Bow Saw
17:37 Wheelbarrow
18:11 Heavy Plow
19:33 Hand Cart
19:13 Loom
24:21 Imperial Age
23:18 Gold Mining
23:19 Stone Mining
23:56 Fletching
24:30 Onager
25:39 Conscription
25:27 Butalmapu
26:03 Gold Shaft Mining
26:05 Stone Shaft Mining
26:07 Siege Engineers
25:32 Onager
26:32 Malon
27:18 Crop Rotation
27:14 Elite Bolas Rider
28:50 Town Watch
29:19 Bodkin Arrow
29:24 Padded Archer Armor
29:52 Ballistics
29:55 Town Patrol
32:38 Chemistry
32:37 Heavy Scorpion
路边的野人
7:55 Feudal Age
8:39 Double-Bit Axe
8:44 Horse Collar
13:14 Castle Age
11:53 Scale Barding Armor
14:19 Wheelbarrow
14:14 Bow Saw
14:11 Gold Mining
16:51 Scale Barding Armor
18:20 Bloodlines
18:31 Forging
22:56 Gold Shaft Mining
26:58 Husbandry
33:47 Imperial Age
31:46 Padded Archer Armor
Wiretrass
7:27 Feudal Age
11:32 Castle Age
9:55 Double-Bit Axe
10:06 Horse Collar
12:42 Bow Saw
16:15 Loom
19:27 Wheelbarrow
18:46 Town Watch
21:15 Heavy Plow
21:56 Hand Cart
21:55 Gold Mining
21:56 Stone Mining
21:34 Pikeman
22:14 Squires
26:10 Imperial Age
23:46 Arson
24:20 Scale Mail Armor
25:33 Chain Mail Armor
25:09 Fletching
25:27 Halberdier
27:00 Forging
27:23 Plate Mail Armor
26:45 Man-at-Arms
27:11 Gambesons
28:22 Conscription
29:04 Iron Casting
28:28 Bodkin Arrow
29:26 Bracer
30:09 Devotion
30:20 Fervor
30:31 Sanctity
30:49 Theocracy
31:16 Fereters
30:32 Long Swordsman
34:03 Blast Furnace
33:04 Padded Archer Armor
33:19 Masonry
Connection lost

Rejoining the realm…

Still unreachable

The connection could not be restored.

Session expired

The server has moved on; the page needs a fresh start.